 Dungeon Crawl Stone Soup version 0.17-a0-1738-g82cdc46 (webtiles) character file.

4160 kae the Summoner (level 10, -1/50 HPs)
             Began as a Tengu Summoner on Aug 30, 2015.
             Was a Believer of Sif Muna.
             Killed by divine providence
             ... invoked by an orc priest
              (11 damage)
             ... on level 9 of the Dungeon.
             The game lasted 00:38:44 (14711 turns).

kae the Summoner (Tengu Summoner)                  Turns: 14711, Time: 00:38:44

Health: -1/50      AC: 14    Str: 10    XL:     10   Next: 28%
Magic:  12/23      EV: 10    Int: 18    God:    Sif Muna [**....]
Gold:   418        SH:  0    Dex: 14    Spells: 7 memorised, 2 levels left

rFire  . . .     SeeInvis .     q - +1 dagger (protect)
rCold  . . .     Clarity  .     A - +1 ring mail "Cupost" {MR+}
rNeg   . . .     SustAt   .     (no shield)
rPois  .         Gourm    .     (helmet restricted)
rElec  .         Spirit   .     (no cloak)
rCorr  .         Warding  .     l - +1 pair of gloves
rMut   .         Stasis   .     (boots unavailable)
MR     +....                    (no amulet)
Stlth  +.........               O - +1 ring of protection
                                B - ring of flight (curse)

@: drained, somewhat resistant to hostile enchantments, very unstealthy
A: beak, talons 3, able to fly 1
a: Fly, Channel Energy, Forget Spell, Renounce Religion, Evoke Flight


You were on level 9 of the Dungeon.
You worshipped Sif Muna.
Sif Muna was pleased with you.
You were near starving.

You visited 1 branch of the dungeon, and saw 10 of its levels.

You collected 418 gold pieces.

Inventory:

Hand weapons
 j - a +0 short sword
 n - a +2 short sword of holy wrath
 q - a +1 dagger of protection (weapon)
 y - a +0 spear
Armour
 a - a +0 robe
 l - a +1 pair of gloves (worn)
 A - the +1 ring mail "Cupost" (worn) {MR+}
   (You found it on level 4 of the Dungeon)

   It affects your resistance to hostile enchantments.
 H - a +1 robe of fire resistance
Jewellery
 B - a cursed ring of flight (left hand)
 O - a +1 ring of protection (right hand)
Magical devices
 g - a wand of slowing (10)
 h - a wand of disintegration (10)
 u - a wand of draining (0)
 F - a wand of digging (14)
Scrolls
 e - 3 scrolls of fear
 i - 4 scrolls of random uselessness
 m - 4 scrolls of magic mapping
 o - 4 scrolls of remove curse
 s - 2 scrolls of enchant weapon
 t - 2 scrolls of vulnerability {unknown}
 v - a scroll of recharging
 G - a scroll of blinking
 I - a scroll of enchant armour
 J - 2 scrolls of teleportation
 K - 3 scrolls of identify
Potions
 d - 2 potions of curing
 f - 2 potions of lignification
 p - 2 potions of poison
 w - 3 potions of cure mutation
 x - 3 potions of agility
 z - 3 potions of might
 L - 2 potions of brilliance {unknown}
 M - a potion of heal wounds {unknown}
Books
 b - a book of Callings

   Spells                             Type                      Level
   a - Summon Small Mammal            Summoning                    1
   b - Call Imp                       Summoning                    2
   c - Call Canine Familiar           Summoning                    3
   d - Summon Guardian Golem          Hexes/Summoning              3
   e - Summon Lightning Spire         Summoning/Air                4
   f - Summon Ice Beast               Ice/Summoning                4
 k - a book of Conjurations

   Spells                             Type                      Level
   a - Magic Dart                     Conjuration                  1
   b - Searing Ray                    Conjuration                  2
   c - Dazzling Spray                 Conjuration/Hexes            3
   d - Fulminant Prism                Conjuration/Hexes            4
   e - Iskenderun's Mystic Blast      Conjuration                  4
   f - Iskenderun's Battlesphere      Conjuration/Charms           5
 P - a Grand Grimoire

   Spells                             Type                      Level
   a - Monstrous Menagerie            Summoning                    6
   b - Summon Greater Demon           Summoning                    7
   c - Malign Gateway                 Summoning/Translocation      7
   d - Summon Horrible Things         Summoning                    8
Comestibles
 c - 9 bread rations
 r - 6 meat rations
 C - a royal jelly
 D - a slice of pizza
 E - 8 fruits


   Skills:
 - Level 2.1(1.4) Dodging
 - Level 2.0(1.2) Stealth
 - Level 8.0(7.1) Spellcasting
 + Level 14.3(13.2) Summonings


You had 2 spell levels left.
You knew the following spells:

 Your Spells              Type           Power        Failure   Level  Hunger
a - Summon Small Mammal   Summ           ####         1%          1    None
b - Call Imp              Summ           ######..     1%          2    None
c - Call Canine Familiar  Summ           ######..     1%          3    ##.....
d - Summon Guardian Gole  Hex/Summ       ####....     8%          3    ##.....
e - Summon Lightning Spi  Summ/Air       ####....     21%         4    ####...
f - Summon Ice Beast      Ice/Summ       ####....     21%         4    ####...
g - Monstrous Menagerie   Summ           ######....   21%         6    #######


Dungeon Overview and Level Annotations

Branches:
Dungeon (10/15)            Temple (0/1) D:7
   Lair: D:8-11         Orc: D:9-12

Altars:
Dithmenos
Elyvilon
Fedhas
Kikubaaqudgha
Nemelex Xobeh
Qazlal
Ru
Sif Muna
Trog
Vehumet
Xom
Zin
The Shining One

Shops:
D:8 (


Innate Abilities, Weirdness & Mutations

You have a beak for a mouth.
You have claws for feet.
You can fly.


Message History

t - Shout!
Orders for allies: a - Attack new target. r - Retreat! s - Stop attacking. w - Wait here. f - Follow me.
Anything else - Stay silent.
Gang up on whom?
Press: ? - help, Dir - move target cursor, f - orc priest
Aim: an orc priest, wielding a falchion and wearing a chain mail Attack!
Your warg barely misses the orc priest.
Your warg closely misses the orc priest.
The orc priest calls down the wrath of Beogh upon you.
Pain shoots through your body!
* * * LOW HITPOINT WARNING * * *
Your warg closely misses the orc priest.
You start resting.
Your warg closely misses the orc priest.
The orc priest mumbles some strange prayers to Beogh against you.
Something smites you!
You die...

### #.#
#.##########
#........@.#
########.########o#
........h.)ho....h#
########.##########
########.#
#......#.#
#......#.#
#........#######
#........##....#


You could see an orc priest and a friendly warg.

Vanquished Creatures
  A phantom (D:5)
  An ogre (D:6)
  2 giant frogs
  A scorpion (D:5)
  A killer bee (D:7)
  2 crimson imps (D:5)
  A wasp zombie (D:8)
  5 hounds (D:5)
  An orc priest (D:4)
  An orc wizard (D:6)
  A worker ant (D:3)
  A hound skeleton (D:4)
  A worker ant zombie (D:5)
  4 adders
  A gnoll (D:7)
  A shadow imp (D:6)
  2 oozes
  A worm (D:4)
  4 giant geckos
  9 orcs
  2 giant cockroaches
  11 hobgoblins
  4 quokkas
  A ball python (D:5)
  7 bats
  5 giant newts
  10 goblins
  6 jackals
  8 kobolds
  6 rats
101 creatures vanquished.

Vanquished Creatures (collateral kills)
  Psyche (D:9)
  Grinder (D:5)
  A troll (D:8)
  Sigmund (D:6)
  Eustachio (D:5)
  Grum (D:9)
  2 hungry ghosts
  Menkaure (D:5)
  The ghost of kae the Slinger, an average HaHu (D:3)
  3 black bears
  4 wolves (D:9)
  A water moccasin (D:6)
  2 orc warriors
  2 ice beasts
  3 ogres
  3 centaurs
  A phantom (D:4)
  A crocodile (D:9)
  5 giant frogs
  Blork the orc (D:6)
  A wyvern zombie (D:7)
  3 scorpions
  14 killer bees
  7 wights
  A jelly (D:8)
  A giant frog zombie (D:5)
  7 crimson imps
  An iguana (D:6)
  A giant frog skeleton (D:4)
  2 centaur skeletons
  5 hounds
  6 orc wizards
  6 orc priests
  7 worker ants
  5 adders
  3 gnolls (D:7)
  A shadow imp (D:7)
  A white imp (D:7)
  An adder zombie (D:9)
  An adder skeleton (D:7)
  24 orcs
  4 bats
  2 giant cockroaches
  5 goblins
  9 hobgoblins
  12 jackals
  5 kobolds
  3 quokkas
  A giant gecko (D:3)
  A giant newt (D:4)
  A jackal zombie (D:8)
  A quokka skeleton (D:4)
  2 rats
180 creatures vanquished.

Vanquished Creatures (others)
  A killer bee (D:8)
  An orc (D:6)
  A plant (D:7)
3 creatures vanquished.

Grand Total: 284 creatures vanquished

Notes
Turn   | Place    | Note
--------------------------------------------------------------
     0 | D:1      | kae the Tengu Summoner began the quest for the Orb.
     0 | D:1      | Reached XP level 1. HP: 10/10 MP: 4/4
    84 | D:1      | Reached skill level 5 in Summonings
   431 | D:1      | Reached XP level 2. HP: 1/15 MP: 4/6
  2101 | D:2      | Reached XP level 3. HP: 12/19 MP: 5/7
  2253 | D:2      | Learned a level 2 spell: Call Imp
  2257 | D:2      | Learned a level 3 spell: Call Canine Familiar
  2331 | D:2      | Reached skill level 6 in Summonings
  3314 | D:3      | Noticed kae's ghost (average HaHu)
  3359 | D:3      | Found a faded altar to an unknown god.
  3377 | D:3      | Reached XP level 4. HP: 10/24 MP: 6/8
  4014 | D:3      | Killed kae's ghost
  4014 | D:3      | Reached skill level 7 in Summonings
  4014 | D:3      | Gained mutation: You can fly. [Tengu growth]
  4014 | D:3      | Reached XP level 5. HP: 28/28 MP: 5/9
  4055 | D:3      | Found a glowing golden altar of the Shining One.
  4055 | D:3      | Found a white marble altar of Elyvilon.
  4056 | D:3      | Found a glowing silver altar of Zin.
  4343 | D:4      | Got a twisted ring mail
  4354 | D:4      | Identified the +1 ring mail "Cupost" {MR+} (You found it on level 4 of the Dungeon)
  4465 | D:4      | Reached skill level 8 in Summonings
  4831 | D:4      | Found a sparkling altar of Nemelex Xobeh.
  4839 | D:4      | Reached XP level 6. HP: 32/32 MP: 10/10
  4899 | D:4      | Noticed a phantom
  4931 | D:4      | Killed a phantom
  5752 | D:5      | Entered Level 5 of the Dungeon
  5799 | D:5      | Noticed Menkaure
  6234 | D:5      | Killed Menkaure
  6234 | D:5      | Reached XP level 7. HP: 19/36 MP: 5/14
  6426 | D:5      | Noticed Grinder
  6451 | D:5      | Killed Grinder
  6451 | D:5      | Reached skill level 5 in Spellcasting
  6684 | D:5      | Noticed Eustachio
  7020 | D:5      | Killed Eustachio
  7261 | D:5      | Reached XP level 8. HP: 39/41 MP: 13/18
  8452 | D:6      | Noticed Sigmund
  8495 | D:6      | Found a shimmering altar of Xom.
  8659 | D:6      | Killed Sigmund
  8659 | D:6      | Reached skill level 9 in Summonings
  8985 | D:6      | Learned a level 3 spell: Summon Guardian Golem
  9240 | D:6      | Found a shadowy altar of Dithmenos.
  9261 | D:6      | Reached XP level 9. HP: 40/45 MP: 22/22
  9285 | D:6      | Reached skill level 10 in Summonings
  9444 | D:6      | Found a stormy altar of Qazlal.
  9740 | D:6      | Noticed Blork the orc
  9791 | D:6      | Killed Blork the orc
  9800 | D:6      | Found a deep blue altar of Sif Muna.
  9808 | D:6      | Became a worshipper of Sif Muna the Loreminder
 10959 | D:7      | Learned a level 4 spell: Summon Lightning Spire
 10964 | D:7      | Learned a level 4 spell: Summon Ice Beast
 11039 | D:7      | Reached skill level 11 in Summonings
 11101 | D:7      | Found a blossoming altar of Fedhas.
 11581 | D:7      | Found a bloodstained altar of Trog.
 11608 | D:7      | Acquired Sif Muna's first power
 11701 | D:7      | Found a staircase to the Ecumenical Temple.
 12571 | D:8      | Reached skill level 12 in Summonings
 12698 | D:8      | Found a sacrificial altar of Ru.
 12704 | D:8      | Found a radiant altar of Vehumet.
 12706 | D:8      | Found an ancient bone altar of Kikubaaqudgha.
 12771 | D:8      | Found Zuychor's Antique Weapon Shop.
 13096 | D:8      | Acquired Sif Muna's second power
 13120 | D:8      | Reached skill level 13 in Summonings
 13525 | D:8      | Reached XP level 10. HP: 45/50 MP: 15/23
 13897 | D:9      | Noticed Grum
 13914 | D:9      | Killed Grum
 14032 | D:9      | Reached skill level 14 in Summonings
 14397 | D:9      | Noticed Psyche
 14405 | D:9      | Killed Psyche
 14484 | D:9      | Learned a level 6 spell: Monstrous Menagerie
 14651 | D:10     | Entered Level 10 of the Dungeon
 14651 | D:10     | Noticed a hill giant
 14711 | D:9      | Killed from afar by an orc priest

Vault maps used:
D:1:      dpeg_arrival_rhombus
D:3:      good_gods_temple_1, ecumenical_altar_1
D:4:      lemuel_crystal_altar, first_bread
D:5:      uniq_eustachio, uniq_menkaure, uniq_grinder
D:6:      tgw_sif, overflow_temple_1_default,
          nicolae_dithmenos_through_a_glass_darkly,
          hangedman_abyss_or_decor_stagger, xom_confusion_cloud, uniq_sigmund
D:7:      corexii_shantytown, trog_ov_bears_minmay, minmay_temple_entry_glass,
          basic_altar, minmay_fire_ice_demons
D:8:      grunt_temple_overflow_open, serial_curves, eino_curves_02,
          eino_curves_04, eino_curves_03, serial_shops,
          nicolae_shop_overgrown_old_shop
D:9:      uniq_psyche, uniq_grum
D:10:     minmay_lair_entry_grove, hiddenorc2_lemuel

Action                   |  1- 3 |  4- 6 |  7- 9 | 10-12 || total
-------------------------+-------+-------+-------+-------++-------
Melee: Unarmed           |    37 |       |       |       ||    37
       Short sword       |    50 |       |       |       ||    50
       Dagger            |    49 |   128 |   409 |    53 ||   639
 Cast: Summon Small Mamm |    39 |     9 |    19 |     3 ||    70
       Call Imp          |     7 |     9 |    58 |     7 ||    81
       Call Canine Famil |     1 |    17 |    55 |     9 ||    82
       Summon Guardian G |       |       |    10 |     2 ||    12
       Summon Lightning  |       |       |     2 |     2 ||     4
       Monstrous Menager |       |       |       |     3 ||     3
Evoke: Wand              |       |       |       |     5 ||     5
  Use: Scroll            |       |    13 |     5 |     1 ||    19
       Potion            |       |     2 |     1 |     1 ||     4
 Stab: Sleeping          |     5 |       |     4 |     1 ||    10
       Distracted        |     1 |       |    11 |       ||    12
  Eat: Chunk             |     3 |    10 |    20 |     4 ||    37
       Meat ration       |     1 |       |     1 |       ||     2
       Beef jerky        |       |     1 |       |       ||     1
       Fruit             |       |       |       |     1 ||     1
